 Seeded DCSS version 0.29.1-2-gbd0b4ee654 (webtiles) character file.

Game seed: 3311 (custom seed)

121 Ashen the Magician (level 4, 0/32 HPs)
             Began as a Demonspawn Hedge Wizard on Oct 28, 2022.
             Was an Initiate of Vehumet.
             Killed from afar by an orc wizard (8 damage)
             ... with a magic dart
             ... on level 3 of the Dungeon.
             The game lasted 00:06:09 (4444 turns).

Ashen the Magician (Demonspawn Hedge Wizard)        Turns: 4444, Time: 00:06:09

Health: 0/32       AC:  3    Str: 10    XL:     4   Next: 77%
Magic:  6/8        EV: 12    Int: 18    God:    Vehumet [......]
Gold:   199        SH:  0    Dex: 12    Spells: 1/9 levels left

rFire   . . .      SeeInvis .   i - +0 short sword (venom)
rCold   . . .      Faith    .   (no shield)
rNeg    . . .      Spirit   .   l - +0 leather armour
rPois   .          Reflect  .   c - +0 hat
rElec   .          Harm     .   (no cloak)
rCorr   .          Rampage  .   (no gloves)
Will    .....                   (no boots)
Stlth   +.........              (no amulet)
HPRegen 0.10/turn               (no ring)
MPRegen 0.11/turn               (no ring)

@: confused
A: sturdy frame 2
a: Renounce Religion


You were on level 3 of the Dungeon.
You worshipped Vehumet.
Vehumet was noncommittal.
You visited 1 branch of the dungeon, and saw 4 of its levels.

You collected 199 gold pieces.

Inventory:

Hand Weapons
 i - a +0 short sword of venom (weapon)
Armour
 c - a +0 hat (worn)
 l - a +0 leather armour (worn)
Scrolls
 f - 3 scrolls of teleportation {unknown}
 h - 2 scrolls of identify {unknown}
 k - a scroll of noise {unknown}
 m - a scroll of immolation {unknown}
 n - a scroll of enchant armour {unknown}
 o - a scroll of fear {unknown}
 p - a scroll of poison {unknown}
Potions
 a - 2 potions of resistance {unknown}
 d - a potion of magic
 e - a potion of mutation {unknown}
 g - a potion of heal wounds {unknown}
 j - 2 potions of attraction {unknown}


   Skills:
 + Level 1.4 Fighting
 + Level 2.2 Dodging
 + Level 2.5 Stealth
 + Level 3.2 Spellcasting
 + Level 1.7 Conjurations
 + Level 1.8 Summonings
 + Level 1.7 Translocations
 + Level 0.6 Air Magic


You had one spell level left.
You knew the following spells:

 Your Spells              Type           Power      Damage    Failure   Level
a - Magic Dart            Conj           36%        1d4       8%          1
b - Blink                 Tloc           18%        N/A       12%         2
c - Call Imp              Summ           9%         N/A       11%         2
d - Mephitic Cloud        Conj/Pois/Air  5%         N/A       34%         3

Your spell library contained the following spells:

 Spells                   Type           Power      Damage    Failure   Level
 Slow                     Hex            8%         N/A       16%         1
 Conjure Flame            Conj/Fire      6%         6-21      32%         3
 Frozen Ramparts          Ice            4%         1d1       43%         3
 Summon Ice Beast         Ice/Summ       6%         N/A       71%         4
 Ice Form                 Ice/Tmut       2%         N/A       85%         4


Dungeon Overview and Level Annotations

Branches:
Dungeon (4/15)
 Temple: D:4-7

Altars:
Sif Muna
Vehumet

Annotations:
D:2 1 runed translucent door, Crazy Yiuf


Innate Abilities, Weirdness & Mutations

Your movements are less encumbered by armour. (ER -4)


Message History

Your crimson imp closely misses you.
You hit something.
Your crimson imp barely misses you.
Something hits you.
You miss something.
An orc wizard appears from thin air!
Reactivating autopickup.
Your crimson imp misses the orc wizard.
The orc wizard hits you but does no damage.
Casting: Magic Dart (safe; 8% risk of failure)
Confirm with . or Enter, or press ? or * to list all spells.
Okay, then.
You miss the orc wizard.
The orc wizard is lightly wounded.
Your crimson imp hits you.
The orc wizard hits you with a +0 dagger.
* * * LOW HITPOINT WARNING * * *
You barely miss the orc wizard.
The orc wizard is moderately wounded.
Your crimson imp completely misses the orc wizard.
The orc wizard closely misses you.
You hit the orc wizard.
The orc wizard looks even sicker.
The orc wizard is heavily wounded.
Your crimson imp hits you.
* * * LOW HITPOINT WARNING * * *
The orc wizard gestures at you while chanting.
You are confused.
You're too confused to cast spells.
Unknown command.
You're too confused to cast spells.
Unknown command.
Are you sure you want to stumble around while confused and next to your crimson imp?
You barely miss your crimson imp.
Your crimson imp disappears in a puff of smoke!
The orc wizard hits you but does no damage.
You hit the orc wizard but do no damage.
The orc wizard is heavily wounded.
The orc wizard barely misses you.
You barely miss the orc wizard.
The orc wizard is heavily wounded.
The orc wizard gestures at you while chanting.
The magic dart hits you!
You die...

#....# ##......#.#.............
##########.....#.#...#.#.#.#.....
.................#...............
################.#.#.#.#.#.#...<.
#....# #.......#.#.............
#....# #########...#.#.#.#.....
#....# #.......................
#....# ###########.#.#.#.#.....
#....# #...#ยง@# #.............
##....#####.#.#o## ###.#####.....
......<.....#.#.# ##.# #.....
####........#.#.#####..## ##.....
#........#.#.#...)...# #......
#........#.#.###.....###.###.#
#..........#.#.)5{.....#[#..##
#..........#..)#.......#.##...
#....#.####.##.#.......#.####.


You could see an orc wizard (very poisoned).

Vanquished Creatures
  2 orc wizards (D:3)
  A worm (D:2)
  3 dart slugs
  2 orcs (D:3)
  9 endoplasms
  3 giant cockroaches
  7 hobgoblins
  4 jackals (D:2)
  A quokka (D:2)
  8 ball pythons
  4 bats
  2 frilled lizards
  3 goblins
  4 kobolds
  4 rats
57 creatures vanquished.

Notes
Turn   | Place    | Note
-------+----------+-------------------------------------------
     0 | D:1      | Ashen the Demonspawn Hedge Wizard began the quest for the
                  | Orb.
     0 | D:1      | Reached XP level 1. HP: 13/13 MP: 4/4
   131 | D:1      | Reached skill level 1 in Translocations
   318 | D:1      | Gained mutation: Your movements are slightly less
                  | encumbered by armour. (ER -2) [demonic ancestry]
   318 | D:1      | Reached XP level 2. HP: 20/20 MP: 4/6
  1647 | D:2      | Gained mutation: Your movements are less encumbered by
                  | armour. (ER -4) [demonic ancestry]
  1647 | D:2      | Reached XP level 3. HP: 25/25 MP: 4/7
  1666 | D:1      | Reached skill level 1 in Fighting
  1941 | D:2      | Found a runed translucent door.
  1942 | D:2      | Noticed Crazy Yiuf
  1967 | D:2      | Found a faded altar of an unknown god.
  2304 | D:2      | You fall into a shaft and drop 2 floors!
  2431 | D:4      | Noticed an ogre
  2521 | D:2      | Learned a level 2 spell: Blink
  2524 | D:2      | Learned a level 2 spell: Call Imp
  2528 | D:2      | Learned a level 3 spell: Mephitic Cloud
  3888 | D:3      | Found a radiant altar of Vehumet.
  3898 | D:3      | Became a worshipper of Vehumet
  4255 | D:3      | Reached XP level 4. HP: 32/32 MP: 8/8
  4321 | D:3      | Found a shimmering blue altar of Sif Muna.
  4444 | D:3      | Killed from afar by an orc wizard

Illustrated notes

Levels and vault maps discovered:
D:1:      amcnicky_arrival_flooded_fountain, layout_loops_corners
D:2:      layout_basic, shapermc_ecumenical_altar_petra,
          nicolae_figureground_sparkle, uniq_crazy_yiuf_cottage
D:3:      layout_basic, nicolae_sif_muna_little_library,
          mainiacjoe_overflow_paths, serial_co_window_serial,
          co_window_of_opportunity_a, co_window_corner_a, co_window_paths_a,
          co_window_of_opportunity_a, co_window_of_opportunity_a,
          co_window_cross_3, co_window_unsneaky_path_c, co_window_corner_b,
          co_window_cross_4, co_window_unsneaky_path_c,
          co_window_of_opportunity_c, co_window_paths_d, glass_columns_a,
          glass_columns_a, glass_columns_a, glass_columns_c, glass_columns_b
D:4:      layout_layer_cave

Skill      XL: |  1  2  3 |
---------------+----------+-----
Translocations | 1 |  1.7
Stealth        | 2 |  2.5
Dodging        | 2 |  2.2
Fighting       | 1 |  1.4
Spellcasting   | |  3.2
Conjurations   | |  1.7
Summonings     | |  1.8
Air Magic      | |  0.6

Action                   |  1- 3 |  4- 6 || total
-------------------------+-------+-------++-------
Melee: Dagger            |    26 |       ||    26
       Short sword       |    35 |    18 ||    53
 Cast: Magic Dart        |   131 |     4 ||   135
       Call Imp          |     2 |     1 ||     3
  Use: Potion            |       |     1 ||     1
 Stab: Sleeping          |     2 |       ||     2
Armor: Robe              |    10 |       ||    10
       Leather armour    |     3 |     3 ||     6
Dodge: Dodged            |    44 |     6 ||    50
